 Dungeon Crawl Stone Soup version 0.25-a0-110-ge29c8f2358 (webtiles) character file.

Game seed: 11617561237536488055, levelgen mode: deterministic

294 vurker the Chopper (level 6, -3/49 HPs)
             Began as a Formicid Abyssal Knight on Nov 19, 2019.
             Was a Priest of Lugonu.
             Slain by an ice beast (14 damage)
             ... on level 5 of the Dungeon.
             The game lasted 00:07:13 (5781 turns).

vurker the Chopper (Formicid Abyssal Knight)        Turns: 5781, Time: 00:07:14

Health: -3/49      AC:  8    Str: 18    XL:     6   Next: 60%
Magic:  9/9        EV:  7    Int: 12    God:    Lugonu [***...]
Gold:   134        SH:  3    Dex: 10    Spells: 5/5 levels left

rFire    . . .     SeeInvis +   a - +1 hand axe
rCold    . . .     Gourm    .   m - +0 buckler
rNeg     . . .     Faith    .   i - +0 chain mail
rPois    .         Spirit   .   (helmet unavailable)
rElec    .         Reflect  .   (no cloak)
rCorr    .         Harm     .   (no gloves)
MR       .....                  (no boots)
Stlth    ..........             (no amulet)
HPRegen  0.16/turn              (no ring)
MPRegen  0.11/turn              (no ring)

@: no status effects
A: permanent stasis, dig shafts and tunnels, four strong arms, antennae 3
a: Dig, Shaft Self, Depart the Abyss, Bend Space, Banish, Renounce Religion


You were on level 5 of the Dungeon.
You worshipped Lugonu.
Lugonu was most pleased with you.
You were not hungry.

You visited 1 branch of the dungeon, and saw 5 of its levels.
You visited the Abyss 1 time.

You collected 134 gold pieces.

Inventory:

Hand Weapons
 a - a +1 hand axe (weapon)
Missiles
 f - 4 curare-tipped darts (quivered)
Armour
 i - a +0 chain mail (worn)
   (You found it on level 1 of the Dungeon)
 m - a +0 buckler (worn)
   (You found it on level 4 of the Dungeon)
Scrolls
 c - 3 scrolls of identify
 d - 3 scrolls of remove curse
 j - a scroll of enchant armour
 l - a scroll of enchant weapon
 n - 2 scrolls of immolation
Potions
 g - 2 potions of cancellation
 h - 2 potions of flight
 k - 3 potions of curing
Comestibles
 e - 9 rations


   Skills:
 + Level 4.6 Fighting
 * Level 4.7 Axes
 - Level 2.1 Armour
 - Level 0.8 Dodging
 + Level 1.1 Shields
 + Level 4.1 Invocations


You had 5 spell levels left.
You didn't know any spells.
Your spell library was empty.

Dungeon Overview and Level Annotations

Branches:
Dungeon (5/15)
 Temple: D:4-7

Altars:
Ashenzari
Hepliaklqana
Kikubaaqudgha
Ru

Annotations:
D:3 1 runed translucent door, hitsuchi's ghost, amateur DsGl


Innate Abilities, Weirdness & Mutations

You cannot be hasted, slowed, berserked, paralysed or teleported.
You can dig through walls and to a lower floor.
Your four strong arms can wield two-handed weapons with a shield.
You have a pair of large antennae on your head. (SInv)


Message History

You now have 121 gold pieces (gained 10).
b - a metallic black potion
c - 4 scrolls of identify (gained 1)
You now have 134 gold pieces (gained 13).
Found a dagger.
Found a scroll of remove curse.
d - 3 scrolls of remove curse (gained 1)
Found a scroll of immolation.
n - 2 scrolls of immolation (gained 1)
You open the door.
There is an open door here.
You open the door.
Found a sacrificial altar of Ru.
There is an open door here.
You open the door.
There is an open door here.
You open the door.
There is an open door here.
There is a stone staircase leading down here.
There is an open door here.
Done exploring.
Done exploring.
Done exploring.
Done exploring.
As you read the scroll of identify, it crumbles to dust.
b - a potion of degeneration Drop what? 14/52 slots (_ for help) (? for menu, Esc to quit)
You drop a potion of degeneration.
There is an open door here.
There is an open door here.
There is a sacrificial altar of Ru here.
You open the door.
There is an open door here.
There is a stone staircase leading down here.
You climb downwards.
An ice beast comes into view.
There is a stone staircase leading up here.
The ice beast hits you but does no damage.
You hit the ice beast but do no damage. The ice beast barely misses you.
You hit the ice beast. The ice beast hits you. The ice beast freezes you!
You hit the ice beast.
The ice beast hits you but does no damage.
You closely miss the ice beast.
The ice beast hits you but does no damage.
You hit the ice beast. The ice beast hits you. The ice beast freezes you!
* * * LOW HITPOINT WARNING * * *
You completely miss the ice beast. The ice beast hits you.
* * * LOW HITPOINT WARNING * * *
The ice beast freezes you!
You die...

##..
...
#..
#..
#.#
#.#
#Y#
{
#@#
#.#
{{
#.#
#.#
#.#
{
#.#
#..
###


You could see an ice beast.

Vanquished Creatures
  A phantom (D:4)
  8 adders
  4 oozes
  An adder skeleton (D:4)
  5 worms
  A dart slug (D:1)
  3 leopard geckos
  10 orcs
  4 bats
  2 giant cockroaches
  6 hobgoblins
  9 jackals
  10 kobolds
  2 quokkas
  7 frilled lizards
  11 goblins
  11 rats
95 creatures vanquished.

Notes
Turn   | Place    | Note
-------+----------+-------------------------------------------
     0 | Abyss:1  | vurker the Formicid Abyssal Knight began the quest for the
                  | Orb.
     0 | Abyss:1  | Reached XP level 1. HP: 18/18 MP: 2/2
     2 | Abyss:1  | Found a corrupted altar of Lugonu.
    22 | Abyss:1  | Noticed a shadow wraith
    82 | Abyss:1  | Noticed an ice dragon simulacrum
    83 | D:1      | Escaped the Abyss
    90 | D:1      | Reached * piety under Lugonu
   100 | D:1      | Reached XP level 2. HP: 10/24 MP: 3/3
   888 | D:1      | Reached XP level 3. HP: 27/29 MP: 4/4
  1352 | D:1      | Reached ** piety under Lugonu
  1493 | D:1      | Reached XP level 4. HP: 37/37 MP: 6/6
  1683 | D:1      | You fall into a shaft and drop 1 floor!
  2046 | D:2      | Found an ancient bone altar of Kikubaaqudgha.
  2072 | D:2      | Found a faded altar of an unknown god.
  2649 | D:2      | Found a hazy altar of Hepliaklqana.
  3127 | D:3      | Reached XP level 5. HP: 39/42 MP: 7/7
  3678 | D:3      | Found a shattered altar of Ashenzari.
  3910 | D:3      | Reached *** piety under Lugonu
  4055 | D:3      | Found a shattered altar of Ashenzari.
  4066 | D:3      | Saw a vision of the Shoals and the Spider Nest.
  4066 | D:3      | Noticed a merfolk siren
  4066 | D:3      | Noticed a merfolk
  4066 | D:3      | Noticed a merfolk siren
  4066 | D:3      | Noticed a merfolk
  4066 | D:3      | Noticed a merfolk
  4066 | D:3      | Noticed a hippogriff
  4066 | D:3      | Noticed a merfolk
  4066 | D:3      | Noticed a hornet
  4066 | D:3      | Noticed a wolf spider
  4066 | D:3      | Noticed a wolf spider
  4066 | D:3      | Noticed a wolf spider
  4066 | D:3      | Noticed a redback
  4067 | D:3      | Noticed a wolf spider
  4068 | D:3      | Noticed a hippogriff
  4284 | D:3      | Found a runed translucent door.
  4287 | D:3      | Noticed hitsuchi's ghost (amateur DsGl)
  4671 | D:4      | Reached XP level 6. HP: 45/49 MP: 8/8
  4866 | D:4      | Noticed a phantom
  4961 | D:4      | Killed a phantom
  4961 | D:4      | Reached skill level 1 in Shields
  5486 | D:4      | Found a sacrificial altar of Ru.
  5768 | D:5      | Entered Level 5 of the Dungeon
  5768 | D:5      | Noticed an ice beast
  5781 | D:5      | Slain by an ice beast

Levels and vault maps discovered:
D:1:      dpeg_chamrin_arrival_tetris, layout_basic
D:2:      layout_loops_corners, lemuel_round_altar, overflow_temple_1_default,
          chequers_ecumenical_altar_simple
D:3:      layout_loops_ring, lemuel_coloured_pillars_altar,
          ebering_ghost_inner_flame, grunt_ashenzari_visionary
          [grunt_ashenzari_visionary_shoals, grunt_ashenzari_visionary_spider]
D:4:      kennysheep_spiral_hall, layout_basic, kennysheep_mini, first_ration,
          minmay_misc_feat_tower
D:5:      layout_loops_ring, amethyst_overflow_temple_binary

Skill      XL: |  1  2  3  4  5  6 |
---------------+-------------------+-----
Axes           | 3 4 |  4.7
Invocations    | 3 4 |  4.1
Fighting       | 4 |  4.6
Shields        | 1 |  1.1
Armour         | |  2.1
Dodging        | |  0.8

Action                   |  1- 3 |  4- 6 || total
-------------------------+-------+-------++-------
Melee: Hand axe          |   128 |   313 ||   441
Invok: Depart the Abyss  |     1 |       ||     1
  Use: Scroll            |     4 |     7 ||    11
  Eat: Chunk             |     2 |    11 ||    13
       Ration            |       |     1 ||     1
Armor: Leather armour    |    30 |       ||    30
       Chain mail        |    14 |   144 ||   158
Dodge: Dodged            |   101 |    94 ||   195
Block: Buckler           |       |     8 ||     8

Table legend:
 A = Non-vault XP
 B = Vault XP
 C = Vault XP percentage of total XP
 D = Non-vault monster count
 E = Vault monster count
 F = Vault count percentage of total count
                 A         B        C        D         E       F
            +---------+---------+-------+---------+---------+-------
      Total |     402 |      18 |   4.3 |      93 |       2 |   2.1
            +---------+---------+-------+---------+---------+-------
        D:1 |      86 |       0 |   0.0 |      39 |       0 |   0.0
        D:2 |      37 |       0 |   0.0 |      15 |       0 |   0.0
        D:3 |      98 |       0 |   0.0 |      30 |       0 |   0.0
        D:4 |     181 |      18 |   9.0 |       9 |       2 |  18.2
            +---------+---------+-------+---------+---------+-------
